cohdb
Replays
Latest Replays
All Replays
Popular Replays
Top Player Replays
Match Explorer
How It Works
Community
CoH3 Stats
Reddit
Sign in to upload your games and track your stats! →
Sign in with Steam
Match 43682768
Unlisted
Match 43682768
Overview
Messages
Build Orders
End
Construct Infanterie Kompanie
Pioneer Squad
MG 42 Machine Gun Team
Selects Mechanized Battlegroup
Grenadier Squad
Grenadier Squad
MG 42 Machine Gun Team
Grenadier Squad
Grenadier Squad
Medical Station
Selects Raid Package
Construct Luftwaffe Kompanie
Jäger Squad
221 Scout Car
Selects Mobile Repair Stations
Jäger Squad
Jäger Squad
Support Elements
221 Scout Car
Selects 8 Rad Armored Car
Marder III M Tank Destroyer
Jäger Squad
UH|ck
insane
iceman
Opuds8
Deadlych910
markaren
0
0
Comments
sign in to comment!
No comments posted yet!